[Event "*** Titled Tuesday 3|2 Blitz"]
[Site "Chess.com"]
[Date "2016.09.06"]
[Round "9"]
[White "AnastasiaProtopopova"]
[Black "geordie_derraugh"]
[Result "0-1"]
[WhiteElo "2080"]
[BlackElo "2208"]
[TimeControl "180+2"]
[EndTime "12:56:35 PDT"]
[Termination "geordie_derraugh won on time"]

1. d4 Nf6 2. c4 g6 3. Nc3 d5 4. Bf4 Bg7 5. e3 O-O 6. Rc1 c6 7. cxd5 Nxd5 8. Bg3 Qa5 9. Qd2 Rd8 10. Nxd5 Qxd2+ 11. Kxd2 Rxd5 12. Bc4 Rd8 13. Nf3 Bf5 14. Ke2 Nd7 15. Ng5 Rf8 16. e4 Bh6 17. Nxf7 Bxc1 18. Rxc1 Bxe4 19. Ng5+ Bd5 20. Bxd5+ cxd5 21. Rc7 Nf6 22.
Rxb7 h6 23. Ne6 Rfc8 24. Kd3 Kf7 25. Bd6 Kxe6 26. Bxe7 Ne4 27. Bb4 Nxf2+ 28. Ke2 Rc2+ 29. Kf3 Ne4 30. Re7+ Kf6 31. Rd7 Rxb2 0-1

[Event "*** Titled Tuesday 3|2 Blitz"]
[Site "Chess.com"]
[Date "2016.09.06"]
[Round "9"]
[White "igorkovalenko"]
[Black "ilya261991"]
[Result "0-1"]
[WhiteElo "2601"]
[BlackElo "2509"]
[TimeControl "180+2"]
[EndTime "12:56:59 PDT"]
[Termination "ilya261991 won by resignation"]

1. d4 Nf6 2. Nf3 g6 3. g3 d5 4. Bg2 Bg7 5. O-O O-O 6. Nbd2 c6 7. c4 Bf5 8. e3 Nbd7 9. Qe2 Nb6 10. b3 Ne4 11. Nxe4 Bxe4 12. Bb2 a5 13. a4 Nd7 14. Rfd1 Qb6 15. Ba3 Rfe8 16. Qa2 e5 17. Bb2 Bc2 18. cxd5 Bxb3 19. Qa3 Bxd1 20. Rxd1 cxd5 21. dxe5 Nxe5 22. Bxe5 Bxe5 23. Rxd5 Qb1+ 24. Bf1 Qe4 25. Rxe5 Rxe5 26. Nxe5 Qxe5 27. Qb3 Qc7 28. Bg2 Rb8 29. Bf1 b6 30. Bb5 Rc8 31. h4 Qc5 32. Qd3 Qe7 33. Qd5 Qf6 34.
Qd1 h5 35. Kg2 Kg7 36. e4 Rd8 37. Qe2 Qc3 38. e5 Rd2 39. Qe1 Qd4 40. e6 Qd5+ 41.
Kh2 fxe6 42. Bf1 Qd4 43. Kg2 e5 44. Be2 Qe4+ 0-1

[Event "*** Titled Tuesday 3|2 Blitz"]
[Site "Chess.com"]
[Date "2016.09.06"]
[Round "9"]
[White "Mepetmepe"]
[Black "Rsnr"]
[Result "0-1"]
[WhiteElo "2379"]
[BlackElo "2519"]
[TimeControl "180+2"]
[EndTime "12:57:33 PDT"]
[Termination "Rsnr won by resignation"]

1. d4 d5 2. c4 c6 3. Nf3 Nf6 4.
Nc3 e6 5. Bg5 h6 6. Bxf6 Qxf6 7.
e3 Nd7 8. Bd3 dxc4 9. Bxc4 Bd6 10. O-O O-O 11. e4 Qe7 12. d5 cxd5 13. exd5 Nb6 14. Bb3 exd5 15. Nxd5 Nxd5 16. Qxd5 Be6 17. Qd3 Bxb3 18. Qxb3 Rac8 19. Rfe1 Qc7 20. h3 a6 21. Rad1 b5 22. Rd5 Rfd8 23. Red1 Be7 24. Ne5 Rxd5 25.
Qxd5 Bf6 26. Nd3 Rd8 27. Qf3 Qc2 28. b4 Qxa2 29. Nc5 Rxd1+ 30. Qxd1 Qa3 31. Qe1 g6 32. g3 Kg7 33. Nd7 Bc3 34. Qd1 Qxb4 35. h4 h5 36. Qd5 Qd4 37. Qc6 b4 38. Nc5 a5 39. Ne4 a4 40.
Qb7 a3 41. Ng5 Qf6 42. Qa7 Bd4 43. Ne6+ Qxe6 44. Qxd4+ Qf6 45. Qxb4 a2 0-1

[Event "*** Titled Tuesday 3|2 Blitz"]
[Site "Chess.com"]
[Date "2016.09.06"]
[Round "9"]
[White "RamonManon0g"]
[Black "PowerThinking2650"]
[Result "0-1"]
[WhiteElo "2171"]
[BlackElo "2160"]
[TimeControl "180+2"]
[EndTime "12:57:53 PDT"]
[Termination "PowerThinking2650 won by resignation"]

1. d4 Nf6 2. c4 g6 3. Nc3 Bg7 4. e4 O-O 5. Nf3 d6 6. Be2 e5 7. O-O Nc6 8. d5 Ne7 9. Be3 Ng4 10. Bg5 f6 11. Bh4 g5 12. Bg3 Nh6 13. h3 Ng6 14. c5 Nf4 15. cxd6 cxd6 16. Rc1 f5 17. exf5 Nxf5 18.
Nb5 e4 19. Nfd4 Nxd4 20. Bxf4 Nxe2+ 21. Qxe2 gxf4 22. Qxe4 f3 23. Nc7 fxg2 24. Qxg2 Qh4 25. Ne6 Bxe6 26. dxe6 Kh8 27. Rc7 Rg8 28. Kh1 Be5 29.
Qf3 Raf8 30. Rf7 Rxf7 31. exf7 Rf8 32. Rg1 Rxf7 33. Qg2 Rg7 34. Qf3 Rxg1+ 35. Kxg1 Qg5+ 36. Kf1 Qe7 37. b4 a6 38. a4 Bf6 39. b5 axb5 40. axb5 Kg7 41. b6 Qf7 42. Qg3+ Kh6 43. Qxd6 Qc4+ 44.
Kg1 Kg6 45. Qc7 Qd5 46. h4 h5 47. Qc8 Bxh4 48. Qe8+ Kh6 49. Qf8+ Kg5 50. Qg7+ Kf4 51. Qh6+ Qg5+ 52. Qxg5+ Bxg5 53. Kg2 Kg4 54. f3+ Kf4 55.
Kf2 h4 56. Kg2 Bf6 57. Kh3 Kxf3 58. Kh2 Ke4 59. Kh3 Kd5 60. Kg4 Kc6 61. Kf5 Kxb6 62. Kxf6 h3 63. Kf5 h2 0-1

[Event "*** Titled Tuesday 3|2 Blitz"]
[Site "Chess.com"]
[Date "2016.09.06"]
[Round "9"]
[White "Haykos"]
[Black "Blitzstream"]
[Result "0-1"]
[WhiteElo "2253"]
[BlackElo "2530"]
[TimeControl "180+2"]
[EndTime "12:58:00 PDT"]
[Termination "Blitzstream won by checkmate"]

1. e4 d5 2. exd5 Qxd5 3. Nc3 Qa5 4. g3 Nf6 5. Bg2 c6 6. Nge2 h5 7. h3 g6 8. d3 Bg7 9. Be3 Nbd7 10. Qd2 Nb6 11. O-O Bf5 12. a3 Rd8 13. b4 Qe5 14.
Rfe1 Nc4 15. Bf4 Qe6 16. Qc1 Nb6 17. Bc7 Rc8 18. Nd4 Qd7 19. Nxf5 Qxf5 20. Bxb6 axb6 21. Na4 Nd7 22. Ra2 Qb5 23. Qe3 e6 24. Nb2 O-O 25.
Nc4 Ra8 26. Nd6 Qa6 27. c4 Rad8 28. b5 cxb5 29. cxb5 Qa7 30. Nxb7 Rb8 31. Nd6 Nc5 32. Nc4 Rfd8 33. a4 Rxd3 34. Qe2 Rbd8 35. Ne5 Bxe5 36.
Qxe5 Qa5 37. Rc1 R3d4 38. Qf6 R4d6 39. Qe5 Nd3 40. Qc3 Nxc1 41. Rc2 Qxc3 42. Rxc3 Ne2+ 43. Kf1 Nxc3 44. a5 Rd1# 0-1

[Event "*** Titled Tuesday 3|2 Blitz"]
[Site "Chess.com"]
[Date "2016.09.06"]
[Round "9"]
[White "ChessWarrior7197"]
[Black "SCIM"]
[Result "1-0"]
[WhiteElo "2471"]
[BlackElo "2248"]
[TimeControl "180+2"]
[EndTime "12:58:06 PDT"]
[Termination "ChessWarrior7197 won by resignation"]

1. e4 c5 2. Nf3 e6 3. g3 Nc6 4. Bg2 Nf6 5. d3 Be7 6. O-O d6 7. Re1 O-O 8. Nbd2 Bd7 9. h4 Rc8 10. Nf1 Ne5 11. N1h2 Bc6 12. b3 Qc7 13. Bb2 Rfd8 14.
Qe2 Bf8 15. Rf1 b5 16. Nxe5 dxe5 17. f4 Bd6 18. Nf3 Nd7 19. f5 exf5 20. exf5 f6 21. Nd2 c4 22. dxc4 Nb6 23. Ne4 Bxe4 24. Bxe4 bxc4 25.
Kg2 c3 26. Bc1 Bc5 27. a3 Rd4 28. b4 Bf8 29. Qf3 Rcd8 30. Be3 Nc4 31. Bxd4 Rxd4 32. Bd5+ Kh8 33. Bxc4 Qxc4 34. Rad1 Rd2+ 35. Rxd2 cxd2 36. Qd3 Qc6+ 37. Kh2 h6 38. Qxd2 Kh7 39. Rc1 e4 40.
c4 Bd6 41. Qd5 Qc7 42. Rc3 Be5 43. Re3 Bf4 44. Rb3 e3 45. Qf3 Qxc4 46. Rb2 Be5 47. Re2 Bd4 48. Kg2 Bb6 49. g4 Qd4 50. g5 fxg5 51.
hxg5 hxg5 52. Rc2 Qh4 53. Qh3 Kh6 54. a4 Kh5 55. a5 Bd4 56. b5 g4 57. Qxh4+ Kxh4 58.
Kf1 g3 59. Rc4 e2+ 60. Kxe2 g2 61. Rxd4+ Kg3 62. Rd1 1-0

[Event "*** Titled Tuesday 3|2 Blitz"]
[Site "Chess.com"]
[Date "2016.09.06"]
[Round "9"]
[White "Iuri_Shkuro"]
[Black "andretta"]
[Result "1-0"]
[WhiteElo "2488"]
[BlackElo "2286"]
[TimeControl "180+2"]
[EndTime "12:58:17 PDT"]
[Termination "Iuri_Shkuro won by resignation"]

1. e4 c6 2. d4 d5 3. e5 c5 4. c4 Nc6 5. Nf3 e6 6. cxd5 Qxd5 7. Nc3 Qd7 8. d5 exd5 9. Qxd5 Nge7 10. Qxc5 Ng6 11.
Qe3 Bb4 12. Bd2 O-O 13. O-O-O Qe6 14. Kb1 Ncxe5 15. Nxe5 Qxe5 16. Qxe5 Nxe5 17. Nd5 Bxd2 18. Rxd2 Bf5+ 19. Ka1 Ng6 20. Ne3 Be4 21. Bc4 Rfd8 22.
Rhd1 Rxd2 23. Rxd2 Bc6 24. b4 a6 25. Kb2 Kf8 26. g3 Ne5 27. Be2 Ke7 28. h4 g6 29.
Nd5+ Bxd5 30. Rxd5 Nc6 31. a3 Rd8 32. Rxd8 Kxd8 33.
Kc3 Ke7 34. Bf3 Kd6 35. Be4 f5 36. Bf3 b5 37. Bg2 a5 38. Bf1 axb4+ 39. axb4 Ke5 40.
Bxb5 Nd4 41. Bd3 Nf3 42. Kc4 f4 43. b5 fxg3 44. fxg3 Nd2+ 45. Kc5 Nb3+ 46. Kc6 Nd4+ 47. Kd7 Nxb5 48. Bxb5 Ke4 49. Be2 Ke3 50. Bd1 Kf2 51. g4 Kg3 52. Ke6 Kxh4 53. Kf6 h5 54. g5 Kg3 55. Kxg6 h4 56. Ba4 h3 57. Bc6 1-0

[Event "*** Titled Tuesday 3|2 Blitz"]
[Site "Chess.com"]
[Date "2016.09.06"]
[Round "9"]
[White "Misha_Bilous"]
[Black "Abdodi"]
[Result "0-1"]
[WhiteElo "2352"]
[BlackElo "1999"]
[TimeControl "180+2"]
[EndTime "12:58:29 PDT"]
[Termination "Abdodi won by resignation"]

1. d4 Nf6 2. c4 e6 3. Nf3 b6 4. g3 Ba6 5. Qa4 Bb7 6. Bg2 Be7 7. O-O O-O 8. Nc3 Ne4 9. Qc2 Nxc3 10. Qxc3 Be4 11. b3 Bf6 12. Bb2 c5 13. e3 Nc6 14. Qd2 d5 15. dxc5 bxc5 16. cxd5 exd5 17. Rac1 Bxb2 18. Qxb2 Nb4 19. Ne1 Bd3 20. Rxc5 Bxf1 21. Kxf1 Qd6 22. Rc1 Qa6+ 23. Kg1 Qxa2 24. Qc3 Rab8 25.
Rd1 Rfc8 26. Qe5 Qxb3 27. Ra1 Qc3 28. Qxc3 Rxc3 29. Nf3 Rc7 30. Nd4 g6 31. h4 Rbc8 32. Ra4 Nc2 33. Bxd5 Nxd4 34. Rxd4 Rd7 35. e4 Rcc7 36.
Rb4 Kg7 37. f3 Rc2 38. Rb8 f5 39. Re8 a5 40. g4 fxg4 41. fxg4 h6 42. g5 hxg5 43.
hxg5 Ra7 44. e5 Rc5 45. Rd8 Re7 46. e6 a4 47. Ba2 Rxg5+ 48. Kf2 Rb5 49. Rd7 Rxd7 50.
exd7 Rb8 51. Ke3 Kf6 52. Bd5 Ke7 53. Bc6 a3 54. Bd5 Kxd7 0-1

[Event "*** Titled Tuesday 3|2 Blitz"]
[Site "Chess.com"]
[Date "2016.09.06"]
[Round "9"]
[White "severomorskij"]
[Black "Lapitch"]
[Result "1/2-1/2"]
[WhiteElo "2619"]
[BlackElo "2574"]
[TimeControl "180+2"]
[EndTime "12:58:35 PDT"]
[Termination "Game drawn by agreement"]

1. d4 d5 2. c4 e6 3. Nc3 c5 4.
e3 Nf6 5. Nf3 a6 6. cxd5 exd5 7.
Be2 Nc6 8. O-O Bd6 9. dxc5 Bxc5 10. b3 O-O 11. Bb2 Bg4 12. Rc1 Ba7 13. Na4 Ne4 14. Ne5 Bxe2 15. Qxe2 Qd6 16. Nxc6 bxc6 17. Qg4 f6 18. Nc3 Rfe8 19. Nxe4 Rxe4 20. Qg3 Qxg3 21. hxg3 Re6 22. Rc2 Kf7 23. Rfc1 Rc8 24. Ba3 Ke8 25. Bc5 Bb8 26. Kf1 Kd7 27. Ke2 h5 28. Kd3 g6 29. b4 Re4 30. Rc3 Bd6 31. Bxd6 Kxd6 32. a3 a5 33. Rb3 Rb8 34. Rcb1 axb4 35. axb4 Rb5 36. R1b2 Re8 37. Ra3 Reb8 38. Ra4 Ke5 39. Rc2 Rxb4 40. Rxb4 Rxb4 41. Rxc6 Rb2 42. Rc2 Rxc2 43.
Kxc2 d4 44. Kd3 dxe3 45. Kxe3 Kf5 46. Kf3 g5 47. Ke3 Ke5 48. Kd3 Kf5 49. Ke3 Ke5 50. Kd3 f5 51. Ke3 f4+ 52. gxf4+ gxf4+ 53. Kf3 Kf5 54. g3 fxg3 55. fxg3 Kg5 56. Kg2 1/2-1/2

[Event "*** Titled Tuesday 3|2 Blitz"]
[Site "Chess.com"]
[Date "2016.09.06"]
[Round "9"]
[White "maciek_92"]
[Black "nihalsarin"]
[Result "1/2-1/2"]
[WhiteElo "2544"]
[BlackElo "2430"]
[TimeControl "180+2"]
[EndTime "12:59:04 PDT"]
[Termination "Game drawn - insufficient material"]

1. c4 c6 2. Nf3 d5 3. b3 Nf6 4.
Bb2 Bf5 5. g3 e6 6. Bg2 Nbd7 7.
O-O Bd6 8. d3 O-O 9. Nc3 Qb8 10.
Re1 Bg6 11. Rc1 a5 12. Qd2 b5 13. cxb5 cxb5 14. Nd4 b4 15. Na4 e5 16. Nc6 Qb5 17.
d4 e4 18. Ne5 Rac8 19. e3 Qb7 20.
Bh3 Rxc1 21. Rxc1 Re8 22. Nxd7 Nxd7 23. Qc2 f5 24. Qc6 Qxc6 25. Rxc6 Be7 26. Bf1 Rb8 27. Ra6 Bd8 28. Rd6 Nf6 29. Nc5 Be8 30. Bh3 g6 31. Bf1 Kf7 32. Ra6 Bb6 33. a3 Nd7 34. axb4 axb4 35. Na4 Bd8 36. Ra7 Ke6 37. Nc5+ Nxc5 38. dxc5 Bc6 39. Rxh7 Bf6 40. Bxf6 Kxf6 41. Rc7 Bb5 42.
Bxb5 Rxb5 43. h4 Ke5 44. Re7+ Kf6 45. Rc7 Ke5 46. Kg2 d4 47. exd4+ Kxd4 48. Rg7 Rxc5 49. Rxg6 Kc3 50. h5 Kxb3 51. h6 Rc8 52. Kh3 Kc2 53. Kh4 b3 54. Rb6 b2 55. Kg5 b1=Q 56. Rxb1 Kxb1 57. Kxf5 Rh8 58. Kg6 Kc2 59. Kg7 Rd8 60. g4 Kd3 61. g5 Ke2 62. h7 Kxf2 63. h8=Q Rxh8 64. Kxh8 e3 65. g6 e2 66. g7 e1=Q 67.
g8=Q Qh1+ 68. Qh7 Qxh7+ 69. Kxh7 1/2-1/2

[Event "*** Titled Tuesday 3|2 Blitz"]
[Site "Chess.com"]
[Date "2016.09.06"]
[Round "9"]
[White "jb2mix"]
[Black "DanielNaroditsky"]
[Result "0-1"]
[WhiteElo "2432"]
[BlackElo "2733"]
[TimeControl "180+2"]
[EndTime "12:59:08 PDT"]
[Termination "DanielNaroditsky won by checkmate"]

1. e4 e6 2. d4 d5 3. Nd2 Be7 4.
e5 c5 5. c3 Nc6 6. Bd3 cxd4 7.
cxd4 Nxd4 8. Qg4 Nf5 9. Bxf5 Bg5 10. Bd3 h5 11. Qe2 Ne7 12. Ngf3 Bh6 13. Nd4 Bd7 14.
N2f3 Qb6 15. O-O Nc6 16. Nb5 Kf8 17. Be3 Qd8 18. Nd6 Kg8 19. Nxb7 Qe7 20. Bc5 Qe8 21. Nd6 Qb8 22. b4 Ne7 23. Nd4 h4 24. f4 g6 25.
a4 Qc7 26. a5 Bg7 27. Rac1 Rh5 28. N4b5 Qb8 29. Qe3 Nc6 30. Nd4 Ne7 31. b5 Bh6 32. b6 axb6 33. Bxb6 f6 34. exf6 Qxd6 35. Bc7 Qa3 36. fxe7 Bg7 37. Be5 Bh6 38. a6 Rxe5 39. Qxe5 Qxd3 40. a7 Kh7 41. Nxe6 Be8 42. Nf8+ Kg8 43.
Qb8 Qe3+ 44. Kh1 Qxa7 45. Qe5 Bf7 46. Rc7 Qa6 47. Re1 Re8 48. Nd7 Bg7 49. Qg5 Qd6 50.
Rb7 h3 51. Ne5 d4 52. Nxf7 Kxf7 53. Qg3 hxg2+ 54. Qxg2 Bf6 55. Rb2 d3 56. Rd2 Bc3 57.
Red1 Bxd2 58. Qxd2 Rxe7 59. Qa2+ Kg7 60. Qb2+ Kh7 61.
Qg2 Re2 62. Qh3+ Kg7 63. Rxd3 Qc6+ 64. Kg1 Qc5+ 65. Kf1 Qf2# 0-1

[Event "*** Titled Tuesday 3|2 Blitz"]
[Site "Chess.com"]
[Date "2016.09.06"]
[Round "9"]
[White "Colombiano07"]
[Black "Wolverine_master"]
[Result "1/2-1/2"]
[WhiteElo "2187"]
[BlackElo "2039"]
[TimeControl "180+2"]
[EndTime "12:59:08 PDT"]
[Termination "Game drawn by repetition"]

1. e4 d5 2. exd5 Qxd5 3. Nc3 Qd6 4. Nf3 Nf6 5. g3 a6 6. Bg2 Nc6 7. O-O Bg4 8. d4 O-O-O 9. Bf4 e5 10. dxe5 Qxd1 11. Raxd1 Nd7 12. Rfe1 Bb4 13. Rd3 Rhe8 14. Rde3 Bc5 15. R3e2 Bxf3 16. Bxf3 Nd4 17. Bg4 Nxe2+ 18. Rxe2 Kb8 19. Ne4 Bd4 20. Ng5 Nxe5 21. Bxe5 Rxe5 22.
Rxe5 Bxe5 23. Nxf7 Re8 24. c3 h6 25. Nxe5 Rxe5 26. Kg2 Rd5 27. Be6 Rd2 28. b4 Rc2 29. Kf3 Rxc3+ 30. Kf4 c6 31. h4 Kc7 32. g4 Kd6 33. Bb3 Ke7 34. h5 c5 35. bxc5 Rxc5 36.
Ke4 b5 37. f4 a5 38. Kd4 Rc1 39. Bg8 a4 40. g5 hxg5 41. fxg5 Rh1 42. h6 gxh6 43.
gxh6 Rxh6 44. Kc5 Rh5+ 45. Kb4 Kd6 46. Bf7 Rg5 47. Be8 Rg4+ 48. Kxb5 a3 49. Bf7 Rd4 50. Bc4 Ke5 51. Kb4 Ke4 52. Kb3 Ke3 53. Bb5 Kd2 54.
Kxa3 Kc3 55. Be2 Re4 56. Bb5 Rd4 57. Be2 Re4 58. Bb5 Rd4 59. Be2 1/2-1/2

[Event "*** Titled Tuesday 3|2 Blitz"]
[Site "Chess.com"]
[Date "2016.09.06"]
[Round "9"]
[White "Krutoy123"]
[Black "wonderfultime"]
[Result "0-1"]
[WhiteElo "2483"]
[BlackElo "2674"]
[TimeControl "180+2"]
[EndTime "12:59:09 PDT"]
[Termination "wonderfultime won by resignation"]

1. e4 c5 2. Nf3 d6 3. c3 Nf6 4. Be2 g6 5. O-O Bg7 6. Re1 O-O 7. Bf1 Bg4 8. h3 Bxf3 9. Qxf3 Nc6 10. Qd1 Nd7 11. Na3 a6 12. Nc2 Rc8 13. a4 Na5 14. Ne3 c4 15. d4 cxd3 16. Bxd3 Re8 17. Rb1 Ne5 18. Bf1 Nac4 19. Nc2 Qb6 20. b3 Na5 21. Be3 Qc7 22. Bd2 Red8 23. Ne3 e6 24. c4 Nac6 25. Bc1 a5 26. Bb2 Nb4 27. Nc2 Nxc2 28.
Qxc2 Nc6 29. Ba3 Qb6 30. Qd2 Bd4 31. Red1 e5 32. Qe2 Rf8 33. Bxd6 Rfd8 34. Ba3 Rd7 35. Rd3 Nb4 36. Rd2 Rcd8 37. Kh1 Bc3 38. Rd5 Nxd5 39. exd5 Bd4 40. Qc2 Qf6 41. f3 b6 42. Re1 Qh4 43. Re4 Qg3 44. Bc1 f5 45. Bf4 Qh4 46. Bxe5 fxe4 47. Bxd4 exf3 48. Bb2 fxg2+ 49. Bxg2 Re8 50. Bc3 Rde7 51. Qd3 Re3 52. Qd4 Qxd4 53. Bxd4 Rxb3 54. d6 Rd8 55. c5 bxc5 56. Bd5+ Kf8 57. Bxc5 Rd3 58. Bc6 R3xd6 59. Bb5 Kg7 60. Bxd6 Rxd6 61. Kg2 Rd4 62. Kf3 Rb4 63. Ke3 Kf6 0-1

[Event "*** Titled Tuesday 3|2 Blitz"]
[Site "Chess.com"]
[Date "2016.09.06"]
[Round "9"]
[White "Gabrielian_Artur"]
[Black "pKiLz5Rn9b"]
[Result "0-1"]
[WhiteElo "2513"]
[BlackElo "2468"]
[TimeControl "180+2"]
[EndTime "12:59:11 PDT"]
[Termination "pKiLz5Rn9b won by resignation"]

1. e4 e6 2. d4 d5 3. Nc3 dxe4 4. Nxe4 Nd7 5. Nf3 Ngf6 6. Nxf6+ Nxf6 7. Bg5 c5 8. c3 a6 9. Bd3 h6 10. Be3 Qc7 11.
O-O b5 12. a4 c4 13. Be2 Bb7 14. axb5 axb5 15. Rxa8+ Bxa8 16. Qa1 Bd5 17. Ne5 Bd6 18.
Qa6 O-O 19. Qxb5 Rb8 20. Qa4 Rxb2 21. Re1 Bxe5 22. dxe5 Qxe5 23. Qd1 Qe4 24. Bf1 Qc2 25. Qd4 Ne4 26. Re2 Qb1 27. Rxb2 Qxb2 28. Bxc4 Nxc3 29.
h3 Bxc4 30. Qxc4 Ne2+ 31. Kh2 Qe5+ 32. g3 Qb2 33. Kg2 Nc3 34. Qc8+ Kh7 35. Qd7 Nd5 36.
Ba7 Kg6 37. Qa4 Qe2 38. Qd4 Nf6 39. Qe3 Qa6 40. Bd4 Qc6+ 41. Kh2 Ne4 42. Qf3 f5 43.
Be3 Qd5 44. h4 h5 45. Qf4 Nf6 46. Bd4 e5 47. Qg5+ Kf7 48. Be3 g6 49. Kg1 Qd1+ 50. Kg2 Qd5+ 51. Kg1 Ng4 52. Ba7 Qd1+ 53. Kg2 Qd5+ 54.
Kg1 Qa5 55. Be3 Qa1+ 56. Kg2 Qa8+ 57. Kg1 Qb7 58. Bc1 f4 59. gxf4 Qf3 60. Be3 Nxe3 61. fxe3 Qxe3+ 62. Kh1 Qxf4 63. Qg2 Qxh4+ 64. Kg1 Qd4+ 65.
Kf1 e4 66. Qg5 Qf6+ 0-1

[Event "*** Titled Tuesday 3|2 Blitz"]
[Site "Chess.com"]
[Date "2016.09.06"]
[Round "9"]
[White "biostatistician"]
[Black "Kawhi_Leonard2"]
[Result "1-0"]
[WhiteElo "2363"]
[BlackElo "2013"]
[TimeControl "180+2"]
[EndTime "12:59:11 PDT"]
[Termination "biostatistician won on time"]

1. d4 Nf6 2. Nf3 e6 3. c4 d5 4. Nc3 Bb4 5. Bg5 dxc4 6. e4 b5 7. e5 h6 8. exf6 hxg5 9. fxg7 Rg8 10. h4 g4 11. Ne5 Rxg7 12. h5 g3 13. h6 gxf2+ 14.
Kxf2 Qf6+ 15. Qf3 Qxf3+ 16. gxf3 Rh7 17. Nxb5 Bd6 18. Bxc4 a6 19. Bd3 Rh8 20. Nc3 Nd7 21. Be4 Rb8 22. Nc4 Nf6 23. Rag1 Bd7 24. b3 Ke7 25. Rg7 Bf4 26. h7 Kf8 27. Rg2 Nxe4+ 28. Nxe4 Bc6 29. Nf6 Ke7 30. Rg8 Kxf6 31. Rxb8 Rxb8 32.
h8=Q+ Rxh8 33. Rxh8 Bb5 34. Ke2 Ke7 35. Kd3 f5 36.
Rh7+ Kd8 37. a4 Bc6 38. Ke2 Bd5 39. Rh3 Kc8 40. Kd3 Kb7 41. Kc3 Kc6 42. Na5+ Kb6 43. Nc4+ Kc6 44. Ne5+ Kb6 45. Nd3 Bd6 46. f4 a5 47. Rh6 Be4 48. Ne5 Bb4+ 49. Kb2 Bd5 50. Nc4+ Kb7 51. Ne3 Kc6 52. Nxd5 Kxd5 53. Kc2 Bd6 54.
Kd3 Bxf4 55. Rh8 Bd6 56. Ra8 Bb4 57. Rd8+ Kc6 58. Kc4 Bd6 59. Re8 Kd7 60. Ra8 Bb4 61. Rh8 f4 62. Rh7+ Kd6 63. Rf7 Bd2 64. Kd3 Be3 65.
Ke4 c5 66. dxc5+ Kxc5 67. Rb7 Kc6 68. Rb5 Bd2 69. Rh5 1-0

[Event "*** Titled Tuesday 3|2 Blitz"]
[Site "Chess.com"]
[Date "2016.09.06"]
[Round "9"]
[White "MattyDPerrine"]
[Black "Mastervlad8"]
[Result "0-1"]
[WhiteElo "2209"]
[BlackElo "2163"]
[TimeControl "180+2"]
[EndTime "13:00:09 PDT"]
[Termination "Mastervlad8 won on time"]

1. d4 Nf6 2. c4 g6 3. Nf3 Bg7 4. g3 d6 5. Bg2 O-O 6. O-O Nc6 7. Nc3 Rb8 8. h3 Bf5 9. d5 Na5 10. Nd4 Nxc4 11. Nxf5 gxf5 12. Qd3 Ne5 13. Qxf5 Qd7 14.
Qc2 b5 15. e4 b4 16. Ne2 c5 17. f4 Ng6 18. e5 dxe5 19. f5 Nh8 20. Bg5 Ne8 21.
Qxc5 f6 22. Be3 Nd6 23. g4 Nhf7 24. Rfc1 a6 25. Qc6 Qb7 26. Qxb7 Rxb7 27. Rc6 a5 28. Rac1 Bh6 29. Bxh6 Nxh6 30. Ra6 b3 31. a4 Nhf7 32. Rxa5 Ng5 33. Ng3 Rfb8 34. Rac5 Rb4 35. a5 Rd4 36. a6 Rd2 37. a7 Ra8 38. Ra1 Rxb2 39. h4 Ngf7 40.
Rc3 Ra2 41. Rxa2 bxa2 42. Ra3 Nb5 43. Rxa2 Rxa7 44. Rxa7 Nxa7 45. Ne4 Nc8 46. g5 Ncd6 47. gxf6 Nxe4 48. Bxe4 exf6 49. Kf2 Nd6 50. Bc2 Kg7 51.
Kf3 Kh6 52. Kg4 Kg7 53. Kf3 Kh6 54. Kg4 Kg7 55. Ba4 Kf7 56. Bd7 Ke7 57. Be6 Ne8 58. Bg8 h6 59. Kh5 Kf8 60. Be6 Kg7 61. Bd7 Nd6 62. Kg4 Ne4 63. Bc6 Nd6 64. Ba8 Kf8 65.
Bc6 Kg7 66. Bd7 Kf8 67. Be6 Kg7 68. Bd7 Kf8 69. Be6 Kg7 70. Kf3 Kf8 71. Ke3 Ke7 72.
Kd3 Kd8 73. Ke3 Kc7 74. Kf3 Kb6 75. Kg4 Kc5 76. Kf3 Kd4 0-1

[Event "*** Titled Tuesday 3|2 Blitz"]
[Site "Chess.com"]
[Date "2016.09.06"]
[Round "9"]
[White "Alexander_Moskalenko"]
[Black "FairChess_on_YouTube"]
[Result "1-0"]
[WhiteElo "2655"]
[BlackElo "2690"]
[TimeControl "180+2"]
[EndTime "13:00:57 PDT"]
[Termination "Alexander_Moskalenko won by resignation"]

1. b3 e5 2. Bb2 Nc6 3. c4 d5 4.
cxd5 Qxd5 5. Nc3 Qd8 6. e3 Nf6 7. a3 Bd6 8. d3 O-O 9. Be2 Be6 10. Nf3 h6 11. O-O Ne7 12. Nd2 c6 13. Nc4 Bc7 14. b4 Ng6 15. Qc2 Qe7 16. Rfd1 Rad8 17. a4 Nd5 18. b5 Nb4 19. Qb3 c5 20. a5 f5 21. Ba3 Nh4 22. g3 f4 23. Ne4 fxe3 24. fxe3 Nf3+ 25. Bxf3 Rxf3 26. Nxc5 Qxc5 27. Qxb4 Qd5 28. Qc5 Bb8 29. Qxd5 Rxd5 30. Rab1 e4 31. Kg2 Rf7 32. dxe4 Rxd1 33. Rxd1 Bxc4 34. Rd8+ Kh7 35. Rxb8 Bxb5 36. Bc5 Bf1+ 37. Kg1 Bh3 38. Rf8 Rc7 39. Bd6 Rc2 40. e5 Kg6 41. Rf4 b5 42. axb6 axb6 43. Rh4 Be6 44. Rb4 Bh3 45. Rh4 Bd7 46. Rf4 b5 47.
Rf2 Rc1+ 48. Rf1 Rc2 49. Rf2 Rc3 50. h4 Rxe3 51. Kh2 Kh5 52. Bf8 g5 53. hxg5 hxg5 54. Rd2 Be6 55. Bd6 Kg4 56. Rd4+ Kf3 57. Rd2 g4 58. Rb2 Bc4 59. Rd2 Re1 60. Bc5 Ke4 61.
Bf2 Rf1 62. Bd4 Bd5 63. Bb2 Ba8 64. Kg2 Rf8 65. Kg1 Ke3 66. Rh2 Rd8 67. Bc1+ Kf3 68. Rf2+ Ke4 69. e6 Re8 70. e7 Bd5 71. Bg5 b4 72.
Rf4+ Ke5 73. Rxb4 Kf5 74. Bh4 Bf3 75. Rf4+ Kg6 76. Rf8 Bc6 77. Kf2 Bd7 78. Ke3 Kg7 79. Bg5 Kg6 80. Kf4 Kh5 81. Bh4 Kg6 82. Ke5 Kg7 83. Bf6+ Kg6 84. Kd6 Ba4 85. Bh4 Kg7 86.
Rf4 Bb5 87. Rxg4+ Kf7 88. Rf4+ Kg6 89. Rf8 Kh5 90. Kc7 Kg4 91. Rxe8 Bxe8 92. Kd8 1-0

[Event "*** Titled Tuesday 3|2 Blitz"]
[Site "Chess.com"]
[Date "2016.09.06"]
[Round "9"]
[White "E-Shaposhnikov"]
[Black "Sanan_Sjugirov"]
[Result "1-0"]
[WhiteElo "2675"]
[BlackElo "2697"]
[TimeControl "180+2"]
[EndTime "13:01:47 PDT"]
[Termination "E-Shaposhnikov won by resignation"]

1. e4 e5 2. Nf3 Nc6 3. Bc4 Bc5 4.
c3 Nf6 5. d3 a6 6. Bb3 d6 7. h3 h6 8. Nbd2 O-O 9. O-O Be6 10.
Re1 Ba7 11. Nf1 Bxb3 12. Qxb3 Qd7 13. Be3 Bxe3 14. Nxe3 Rfd8 15. Rad1 b5 16. Nd5 Nxd5 17. exd5 Ne7 18. d4 exd4 19. Rxd4 Re8 20. Rde4 Ng6 21. Qc2 Kf8 22. c4 Rxe4 23. Rxe4 b4 24. Nd4 Ne5 25. Qe2 Re8 26. b3 Ra8 27. f4 Ng6 28. Nc6 a5 29. Qe3 Kg8 30. Qf3 Qf5 31. Nd4 Qf6 32. Nb5 Rc8 33. Kh2 Kh8 34. Qg4 Qd8 35. Nd4 Ra8 36.
Qf5 Kg8 37. Re2 Nh4 38. Qd3 Qf6 39. Qe4 a4 40. bxa4 Ng6 41. g3 h5 42. h4 Nf8 43.
Nc6 Nd7 44. Qe7 Nb6 45. Qxc7 Nxa4 46. Ne7+ Kh8 47. Nc8 Nc3 48. Rg2 Ne4 49. c5 dxc5 50. d6 Nxd6 51. Nxd6 Kg8 52. Qxc5 Qe7 53. Qc6 Rd8 54. Ne4 f6 55. Qc4+ Kh8 56. Re2 Qd7 57. Nf2 Qd6 58. Qe4 Qc5 59. Kg2 Kg8 60. Qe6+ Kh8 61. Qe4 Kg8 62. Qe3 Qd5+ 63. Qf3 Qc5 64. f5 Qc4 65. Qxh5 Ra8 66. Re8+ Rxe8 67. Qxe8+ Kh7 68.
Qh5+ Kg8 69. Qe8+ Kh7 70. Qe6 Qc3 71. Qb3 Qc6+ 72. Qf3 Qc4 73. Qb3 Qc6+ 74. Kg1 Qc5 75. Kf1 Qd4 76. g4 Qf4 77. h5 Qc1+ 78. Ke2 Qc5 79. Kf3 Qc6+ 80. Ne4 Qb5 81. Ke3 Qb6+ 82. Kd3 Qb5+ 83. Qc4 Qd7+ 84. Kc2 Qa4+ 85. Kb2 Qa3+ 86. Kb1 Qf3 87. Nxf6+ gxf6 88. Qf7+ Kh8 89. Qxf6+ Kh7 90. Qf7+ Kh8 91. Qc4 Qd1+ 92. Kb2 Qa4 93. g5 Qa3+ 94. Kc2 b3+ 95. axb3 Qa2+ 96. Kc3 Qa1+ 97. Kb4 Qa8 98. Qd4+ Kg8 99. Qc4+ Kh8 100. h6 Qb8+ 101. Kc3 Qg3+ 102. Kb4 Qxg5 103. Qd4+ Kh7 104. Qg7+ 1-0